Map: Ruby Rock LE

Players

herO - Winner!

  • Race: Protoss Protoss
  • League: Grandmaster
  • Spawn Location: 5:00

SHIN

  • Race: Zerg Zerg
  • League: Master
  • Spawn Location: 11:00

VOD

Have the link to the VOD?

Description

Time

  • Played on: July 19, 2026, 4:50 a.m.
  • Length: 18:42
Show
View Real Time Build Order
Export as new Build Order

herO Protoss - Winner!

Build Orders: Oracle Opening 

Get SALT Encoding   

  8  0:00  Probe (Chrono Boost)  
  9  0:12  Probe (Chrono Boost)  
  10  0:18  Probe (Chrono Boost)  
  11  0:26  Probe  
  12  0:34  Pylon  
  12  0:38  Probe  
  13  0:52  Probe (Chrono Boost)  
  14  0:58  Gateway  
  14  1:04  Probe (Chrono Boost)  
  14  1:06  Assimilator  
  15  1:13  Probe (Chrono Boost)  
  16  1:19  Probe  
  17  1:31  Probe  
  18  1:43  Probe  
  18  1:45  Zealot  
  21  1:47  Pylon  
  21  1:51  Cybernetics Core  
  21  2:05  Probe  
  22  2:15  Nexus  
  22  2:23  Assimilator, Adept (Chrono Boost)  
  24  2:30  Probe  
  25  2:42  Probe  
  28  2:54  Probe  
  29  3:03  Stargate  
  29  3:07  Pylon  
  29  3:08  Probe  
  29  3:10  Warp Gate  
  28  3:21  Probe (Chrono Boost)  
  28  3:24  Adept  
  31  3:28  Probe (Chrono Boost)  
  33  3:38  Probe (Chrono Boost)  
  33  3:39  Probe (Chrono Boost)  
  34  3:44  Probe x2 (Chrono Boost), Oracle (Chrono Boost)  
  39  3:53  Gateway  
  40  3:55  Probe  
  40  3:56  Probe  
  40  3:57  Adept  
  43  4:06  Twilight Council  
  43  4:07  Probe  
  43  4:08  Probe  
  45  4:21  Pylon  
  45  4:22  Probe x2  
  47  4:31  Nexus  
  47  4:36  Probe x2  
  49  4:44  Resonating Glaives (Chrono Boost)  
  49  4:48  Probe x2  
  55  4:54  Adept x2  
  55  4:59  Pylon  
  55  5:00  Assimilator  
  55  5:03  Probe  
  57  5:08  Phoenix  
  57  5:10  Pylon  
  58  5:16  Adept x2  
  58  5:17  Probe  
  58  5:18  Probe  
  64  5:29  Gateway  
  64  5:30  Gateway, Probe x2  
  64  5:32  Assimilator  
  66  5:37  Adept x2  
  72  5:43  Probe (Chrono Boost)  
  72  5:46  Shield Battery  
  72  5:47  Probe x2 (Chrono Boost)  
  73  5:53  Probe (Chrono Boost)  
  73  5:56  Probe x2 (Chrono Boost)  
  76  5:58  Probe  
  76  6:00  Adept x2  
  81  6:06  Probe  
  81  6:08  Forge, Probe  
  81  6:09  Blink (Chrono Boost)  
  81  6:10  Probe  
  84  6:20  Probe x2  
  84  6:22  Probe  
  87  6:30  Adept  
  87  6:32  Pylon  
  87  6:33  Pylon  
  87  6:36  Probe x3  
  86  6:40  Assimilator  
  86  6:42  Assimilator  
  86  6:44  Fleet Beacon  
  86  6:48  Probe x2  
  86  6:49  Probe  
  86  6:51  Adept x3  
  81  6:55  Stalker  
  81  6:58  Protoss Ground Weapons Level 1 (Chrono Boost)  
  81  7:00  Probe  
  81  7:01  Probe x2  
  84  7:08  Shield Battery  
  84  7:10  Photon Cannon  
  84  7:11  Gateway  
  84  7:14  Stalker  
  84  7:15  Stalker  
  88  7:17  Stalker  
  98  7:32  Mothership (Chrono Boost), Gateway  
  98  7:37  Sentry  
  98  7:38  Gateway  
  96  7:55  Stalker x3  
  102  8:00  Shield Battery  
  102  8:04  Pylon  
  102  8:05  Charge, Templar Archives  
  102  8:09  Photon Cannon  
  102  8:23  Zealot x4  
  102  8:24  Nexus  
  102  8:25  Pylon  
  110  8:29  Pylon, Psionic Storm  
  110  8:37  Gateway  
  110  8:38  Gateway  
  110  8:43  Pylon x3  
  110  8:50  High Templar x2  
  110  8:51  High Templar  
  110  8:55  High Templar, Zealot x3  
  124  8:56  Protoss Ground Weapons Level 2 (Chrono Boost)  
  124  8:58  Photon Cannon  
  124  9:00  Photon Cannon  
  122  9:03  Photon Cannon  
  122  9:07  Photon Cannon  
  122  9:08  Robotics Facility  
  122  9:11  Photon Cannon  
  122  9:15  Probe x3  
  125  9:18  High Templar, Zealot x2  
  123  9:32  Probe x3  
  123  9:37  High Templar x2, Zealot x2  
  134  9:44  Zealot x2, Probe, Archon  
  139  9:47  Zealot x2  
  139  9:52  Probe x2  
  145  9:53  Probe  
  145  9:55  Immortal (Chrono Boost)  
  145  9:56  Probe  
  145  9:58  Robotics Facility  
  149  10:08  High Templar, Zealot x4  
  147  10:24  High Templar, Zealot x3  
  147  10:28  Archon  
  147  10:29  Archon  
  147  10:31  High Templar, Zealot x3  
  147  10:32  Immortal (Chrono Boost), Probe x3  
  162  10:38  Archon  
  162  10:43  Pylon, Assimilator x2, Photon Cannon  
  162  10:47  Pylon, Photon Cannon  
  162  10:49  Warp Prism (Chrono Boost), Pylon x2  
  162  10:53  Pylon  
  164  10:58  Pylon  
  164  11:02  Stalker x4  
  172  11:08  Stalker x4  
  148  11:33  Stalker x6  
  136  11:41  Archon  
  136  11:42  Warp Prism (Chrono Boost)  
  136  11:46  Protoss Ground Weapons Level 3 (Chrono Boost)  
  126  11:56  Nexus  
  134  12:12  High Templar  
  134  12:13  Zealot x4  
  134  12:15  Mothership (Chrono Boost)  
  144  12:24  Observer  
  145  12:31  Shield Battery, Nexus  
  145  12:36  Photon Cannon  
  145  12:39  High Templar, Zealot x2  
  145  12:41  High Templar  
  153  12:46  Zealot x2  
  157  12:53  Immortal  
  161  13:00  Pylon  
  161  13:02  Pylon  
  159  13:13  High Templar  
  159  13:14  Zealot x5  
  175  13:27  Immortal  
  175  13:30  Probe x3  
  175  13:32  Immortal  
  170  13:42  Probe  
  170  13:43  Probe x3  
  170  13:44  Assimilator  
  170  13:45  High Templar x2, Zealot x3  
  182  13:49  Archon  
  181  14:04  High Templar x2  
  181  14:09  Zealot  
  187  14:10  Zealot x4  
  187  14:11  Archon  
  195  14:19  Immortal (Chrono Boost)  
  197  14:29  High Templar  
  199  14:35  Archon  
  195  14:48  Nexus  
  195  14:50  Stalker x8  
  189  14:56  Warp Prism (Chrono Boost)  
  189  15:07  Immortal (Chrono Boost)  
  189  15:08  Archon  
  155  15:15  High Templar x4  
  155  15:16  Zealot x5  
  155  15:20  Archon x2  
  149  15:25  Immortal (Chrono Boost)  
  153  15:37  Immortal (Chrono Boost)  
  153  15:41  High Templar x2, Zealot  
  153  15:42  Zealot x2  
  167  15:45  Nexus  
  167  15:49  Pylon  
  167  15:50  Archon  
  129  16:06  Immortal  
  129  16:09  Zealot x4, Immortal  
  115  16:25  High Templar x2  
  115  16:26  High Templar  
  115  16:27  High Templar, Zealot  
  115  16:31  Assimilator, Shield Battery  
  125  16:34  Archon  
  125  16:35  Assimilator  
  125  16:40  Zealot x4  
  133  16:54  Immortal x2  
  141  16:56  High Templar  
  143  17:06  Zealot x6  
  155  17:13  Zealot x2  
  142  17:29  Archon  
  142  17:32  Zealot x3  
  142  17:33  Immortal  
  148  17:38  Zealot x2  
  152  17:46  High Templar x4  
  152  17:51  Archon x2  
  137  18:02  High Templar, Zealot x4  
  144  18:09  Immortal (Chrono Boost)  
  148  18:29  Zealot x4  
Show
View Real Time Build Order
Export as new Build Order

SHIN Zerg 

Build Orders: Pool First 

Get SALT Encoding   

  8  0:00  Drone  
  9  0:10  Drone  
  10  0:16  Drone  
  11  0:22  Drone  
  12  0:30  Extractor, Drone  
  13  0:37  Overlord  
  13  0:55  Drone x2  
  15  1:02  Spawning Pool  
  14  1:05  Drone  
  14  1:10  Drone  
  16  1:20  Drone  
  17  1:36  Hatchery  
  16  1:49  Zergling x4  
  16  1:50  Zergling x2  
  19  1:58  Extractor  
  19  2:00  Queen  
  20  2:06  Overlord  
  20  2:24  Drone  
  20  2:25  Drone  
  20  2:29  Drone  
  23  2:36  Queen  
  25  2:39  Drone  
  26  2:49  Queen  
  28  2:51  Drone  
  28  2:56  Drone  
  30  3:01  Drone  
  30  3:04  Metabolic Boost  
  31  3:08  Zergling x2  
  31  3:13  Overlord  
  31  3:32  Drone x6  
  37  3:41  Overlord  
  37  3:42  Drone  
  38  3:49  Hatchery  
  38  3:54  Zergling x2  
  38  3:55  Zergling x2  
  39  3:58  Zergling x2  
  39  3:59  Drone  
  39  4:01  Drone  
  41  4:03  Drone  
  41  4:06  Drone x2  
  41  4:08  Drone  
  45  4:10  Spore Crawler  
  45  4:12  Drone  
  45  4:14  Drone  
  46  4:17  Spore Crawler  
  46  4:20  Drone  
  46  4:22  Drone  
  47  4:24  Overlord  
  47  4:34  Overlord  
  47  4:37  Overlord  
  47  4:42  Queen  
  47  4:43  Drone x2  
  47  4:44  Drone x2  
  53  4:46  Drone  
  53  4:49  Drone  
  53  4:50  Evolution Chamber  
  54  4:53  Drone x2  
  54  4:54  Drone  
  57  5:00  Queen  
  57  5:03  Drone  
  57  5:05  Drone x2  
  62  5:10  Drone x3  
  62  5:11  Drone  
  62  5:13  Drone  
  67  5:16  Zerg Melee Weapons Level 1  
  67  5:17  Drone  
  67  5:18  Drone  
  69  5:22  Drone x2  
  69  5:24  Overlord  
  69  5:27  Drone x2  
  73  5:33  Spore Crawler  
  73  5:34  Drone  
  73  5:38  Drone  
  73  5:39  Drone, Extractor  
  73  5:40  Baneling Nest  
  73  5:41  Zergling x2  
  74  5:44  Zergling x4  
  74  5:48  Zergling x6  
  78  5:53  Zergling x8  
  82  6:01  Overlord  
  82  6:04  Lair  
  82  6:07  Overlord  
  82  6:10  Overlord  
  82  6:12  Hatchery  
  82  6:16  Overlord  
  81  6:20  Zergling x2  
  81  6:21  Zergling x4  
  81  6:25  Zergling x20  
  90  6:28  Zergling x2  
  90  6:29  Baneling x4  
  90  6:30  Baneling  
  84  6:34  Zergling x2  
  84  6:38  Zergling x4  
  80  6:48  Zergling x14  
  80  6:51  Drone  
  80  6:53  Drone  
  83  6:56  Drone  
  82  7:02  Drone  
  82  7:03  Drone, Extractor x2  
  82  7:06  Drone  
  81  7:10  Zerg Missile Weapons Level 1  
  81  7:11  Drone, Extractor  
  81  7:12  Baneling x2, Extractor  
  81  7:13  Drone x3  
  81  7:15  Drone  
  84  7:21  Drone  
  85  7:24  Drone x5  
  85  7:26  Hydralisk Den, Drone x2  
  85  7:27  Drone  
  85  7:28  Drone  
  93  7:33  Drone x2  
  93  7:34  Drone  
  96  7:38  Drone  
  96  7:42  Zergling x8  
  101  7:44  Spire  
  101  7:45  Drone x2  
  101  7:48  Hatchery  
  101  7:49  Drone  
  97  7:53  Drone x4  
  97  7:55  Zergling x4, Spore Crawler  
  97  7:58  Overlord x2  
  102  8:04  Drone  
  100  8:13  Drone x2  
  100  8:15  Drone x2  
  100  8:16  Overlord  
  100  8:17  Drone x5  
  108  8:21  Zergling x6  
  108  8:23  Hydralisk x3  
  108  8:24  Zergling x4  
  119  8:30  Zergling x2  
  120  8:34  Overlord x4  
  120  8:39  Zergling x6  
  120  8:40  Zergling x2  
  124  8:46  Overlord  
  124  8:47  Overlord  
  124  9:01  Corruptor x5  
  132  9:03  Grooved Spines  
  132  9:04  Corruptor  
  132  9:05  Corruptor x2  
  132  9:07  Hydralisk x3  
  132  9:09  Zergling x2  
  145  9:12  Hydralisk  
  145  9:13  Zergling x2  
  145  9:15  Centrifugal Hooks  
  148  9:17  Overlord, Hydralisk x2  
  148  9:18  Zergling x6  
  148  9:20  Overlord  
  153  9:27  Hydralisk x3  
  153  9:28  Zergling x8  
  153  9:32  Hydralisk  
  153  9:33  Hydralisk  
  153  9:36  Drone x4  
  153  9:38  Zergling x2  
  156  9:39  Overlord  
  156  9:41  Hydralisk  
  156  9:43  Hydralisk  
  160  9:46  Hydralisk  
  160  9:47  Overlord  
  160  9:49  Drone x4  
  160  9:51  Hydralisk x3  
  160  9:52  Zergling x2, Extractor  
  172  9:53  Muscular Augments  
  172  9:55  Zergling x2, Overseer  
  172  9:57  Overseer  
  172  9:59  Zergling x6  
  176  10:04  Hydralisk  
  176  10:05  Zergling x8  
  175  10:11  Hydralisk x3  
  175  10:12  Zergling x2, Overseer x2  
  170  10:16  Hydralisk  
  166  10:22  Hydralisk x3  
  166  10:23  Zergling x12  
  166  10:27  Spine Crawler  
  166  10:28  Baneling x4  
  177  10:29  Zergling x10  
  177  10:32  Zergling x2  
  177  10:33  Zergling x8  
  187  10:37  Zergling x2  
  187  10:40  Spine Crawler, Zergling x4  
  190  10:42  Drone  
  190  10:43  Baneling x2  
  190  10:44  Baneling x10  
  190  10:45  Zergling x2  
  190  10:46  Zergling x2  
  190  10:47  Zergling x6  
  190  10:49  Baneling x4  
  195  10:50  Zergling x4  
  195  10:55  Zergling x4  
  199  10:59  Zergling x2  
  199  11:00  Zergling x2  
  199  11:01  Baneling x9  
  197  11:05  Zergling x4  
  197  11:08  Zerg Ground Armor Level 1  
  197  11:09  Evolution Chamber  
  197  11:10  Zergling x10  
  199  11:15  Zergling x6  
  194  11:19  Zergling x2  
  194  11:20  Zergling x12  
  194  11:21  Zergling x2  
  194  11:23  Zergling x4  
  197  11:26  Zergling x2  
  197  11:27  Zergling x2  
  197  11:28  Zergling x2  
  197  11:29  Zergling x2  
  197  11:32  Hydralisk x3  
  175  11:33  Hydralisk x4  
  175  11:38  Hydralisk  
  175  11:39  Hydralisk  
  176  11:40  Hydralisk x3  
  176  11:44  Hydralisk, Zergling x2  
  176  11:45  Zergling x2  
  159  11:51  Hydralisk x3  
  159  11:53  Zergling x2  
  159  11:54  Zergling x2  
  162  11:59  Hydralisk x3  
  162  12:01  Hydralisk  
  164  12:02  Zergling x8  
  165  12:12  Drone x3  
  165  12:13  Zergling x6  
  165  12:14  Zergling x4, Extractor  
  172  12:15  Pneumatized Carapace  
  172  12:19  Zergling x4  
  172  12:21  Baneling x2  
  172  12:22  Baneling x6  
  172  12:23  Drone, Zergling x2  
  172  12:24  Zergling x12  
  172  12:25  Zergling x2  
  172  12:26  Overseer x2  
  172  12:29  Zergling x8  
  185  12:34  Zergling x4  
  187  12:42  Overlord  
  187  12:43  Overlord  
  187  12:46  Baneling x8  
  187  12:48  Zerg Melee Weapons Level 2  
  187  12:49  Infestation Pit  
  183  12:53  Zergling x2  
  183  12:54  Zergling x8  
  183  12:55  Overlord  
  183  12:58  Baneling x11  
  187  13:00  Drone  
  187  13:01  Drone, Overlord  
  187  13:02  Drone  
  187  13:03  Zergling x20  
  199  13:26  Baneling x7  
  199  13:27  Hive, Zerg Ground Armor Level 2  
  199  13:31  Hatchery  
  196  13:35  Baneling x2  
  196  13:39  Zergling x16  
  199  13:46  Neural Parasite  
  199  13:47  Zerg Flyer Weapons Level 1, Spine Crawler  
  197  13:53  Zergling x6  
  197  14:01  Baneling x5  
  197  14:02  Baneling x8  
  193  14:03  Zergling x12  
  196  14:12  Zergling x10  
  198  14:19  Corruptor  
  198  14:20  Corruptor  
  198  14:21  Zergling x2  
  194  14:30  Overseer x3  
  194  14:37  Spore Crawler  
  193  14:38  Adrenal Glands  
  193  14:40  Ultralisk Cavern, Spore Crawler  
  193  14:41  Zergling x16, Spore Crawler  
  192  14:49  Zergling x2  
  192  14:50  Zergling x40  
  195  15:00  Zergling x10  
  195  15:03  Baneling x9  
  196  15:11  Hydralisk x13  
  196  15:13  Zergling x16  
  190  15:16  Zergling x2  
  190  15:17  Hydralisk  
  162  15:22  Hydralisk x2  
  162  15:23  Hydralisk x2  
  162  15:25  Hydralisk  
  162  15:28  Hydralisk  
  149  15:29  Chitinous Plating  
  149  15:33  Zergling x2  
  149  15:34  Zergling x16  
  156  15:38  Zergling x2  
  156  15:40  Zergling x2  
  156  15:41  Zergling x2  
  156  15:42  Overseer x3  
  159  15:43  Zergling x8  
  159  15:46  Baneling  
  159  15:47  Baneling x6  
  159  15:48  Zergling x2  
  164  15:52  Zergling x6  
  155  15:57  Zergling x2  
  155  15:58  Zergling x2  
  155  15:59  Zergling x2  
  144  16:06  Hydralisk x2  
  144  16:07  Hydralisk x3  
  144  16:08  Overseer x3  
  144  16:10  Zergling x4  
  129  16:12  Infestor  
  129  16:14  Hydralisk  
  129  16:16  Hydralisk  
  129  16:17  Zergling x2  
  126  16:19  Hydralisk  
  126  16:21  Zergling x2  
  126  16:25  Zergling x10  
  126  16:26  Zergling x2  
  126  16:31  Baneling x7  
  126  16:32  Zergling x4  
  133  16:34  Hydralisk  
  133  16:35  Zergling x2  
  133  16:37  Zergling x2  
  137  16:41  Extractor  
  137  16:42  Extractor, Zergling x2  
  137  16:43  Zergling x8  
  140  16:50  Anabolic Synthesis  
  140  16:53  Zergling x12  
  140  16:54  Zergling x2  
  144  17:04  Baneling x8  
  144  17:05  Hatchery  
  144  17:07  Zergling x6  
  137  17:19  Ultralisk, Zergling x2  
  137  17:20  Zergling x12  
  137  17:22  Zergling x2  
  144  17:24  Zergling x2  
  144  17:27  Zergling x4  
  142  17:31  Zergling x8  
  142  17:33  Hydralisk  
  139  17:40  Ultralisk  
  139  17:41  Zergling x2  
  139  17:42  Zergling x2  
  140  17:52  Ultralisk  
  140  17:53  Zergling x2  
  140  17:55  Zergling x2  
  126  17:58  Zergling x4  
  126  18:01  Zergling x2  
  126  18:02  Zergling x2  
  120  18:09  Zergling x2  
  120  18:10  Zergling x2  
  126  18:14  Zergling x2  
  126  18:16  Zergling x2  
  126  18:22  Zergling x2  
  126  18:24  Zergling x2  
Tags
 
Add a new tag
Caveats
  • Supply blocks, unpowered buildings, or Contaminate may cause inaccurate times.
  • Supply counts are checked every 10 seconds.